 Dungeon Crawl Stone Soup version 0.28.0 (webtiles) character file.

Game seed: 17265782087943806908

196 belegose the Grasshopper (level 5, -4/43 HPs)
             Began as a Gnoll Warper on Feb 5, 2022.
             Was a Believer of Qazlal.
             Slain by an ogre (13 damage)
             ... on level 2 of the Dungeon.
             The game lasted 00:08:22 (3963 turns).

belegose the Grasshopper (Gnoll Warper)             Turns: 3963, Time: 00:08:23

Health: -4/43      AC:  9    Str: 13    XL:     5   Next: 75%
Magic:  12/12      EV: 10    Int: 12    God:    Qazlal [**....]
Gold:   152        SH:  3    Dex: 11    Spells: 12/14 levels left

rFire   . . .      SeeInvis .   g - +0 long sword
rCold   . . .      Faith    .   (no shield)
rNeg    . . .      Spirit   .   m - +3 scale mail
rPois   .          Reflect  .   (no helmet)
rElec   .          Harm     .   (no cloak)
rCorr   .          Rampage  .   (no gloves)
Will    .....                   (no boots)
Stlth   ..........              (no amulet)
HPRegen 0.14/turn               (no ring)
MPRegen 0.13/turn               (no ring)

@: no status effects
A: fangs 1, strong nose, distributed training
a: Renounce Religion, Upheaval


You were on level 2 of the Dungeon.
You worshipped Qazlal.
Qazlal was pleased with you.
You visited 1 branch of the dungeon, and saw 4 of its levels.

You collected 152 gold pieces.

Inventory:

Hand Weapons
 g - a +0 long sword (weapon)
Missiles
 d - 5 boomerangs of dispersal
 j - 60 stones (quivered)
Armour
 h - a +0 ring mail
 m - a +3 scale mail (worn)
Scrolls
 a - 3 scrolls of teleportation {unknown}
 c - a scroll of blinking
 f - 2 scrolls of identify {unknown}
 i - a scroll of immolation {unknown}
 k - a scroll of enchant armour {unknown}
Potions
 b - 2 potions of berserk rage {unknown}
 e - a potion of heal wounds {unknown}
 l - a potion of invisibility {unknown}
 n - a potion of haste {unknown}


   Skills:
 + Level 4.8 Fighting
 + Level 1.6 Short Blades
 + Level 4.8 Long Blades
 + Level 1.6 Axes
 + Level 1.6 Maces & Flails
 + Level 1.6 Polearms
 + Level 1.6 Staves
 + Level 1.6 Slings
 + Level 1.6 Bows
 + Level 1.6 Crossbows
 + Level 3.0 Throwing
 + Level 3.0 Armour
 + Level 4.8 Dodging
 + Level 1.6 Stealth
 + Level 1.6 Shields
 + Level 1.6 Unarmed Combat
 + Level 5.2 Spellcasting
 + Level 1.3 Conjurations
 + Level 1.3 Hexes
 + Level 1.3 Summonings
 + Level 1.3 Necromancy
 + Level 5.6 Translocations
 + Level 1.3 Transmutations
 + Level 1.3 Fire Magic
 + Level 1.3 Ice Magic
 + Level 1.3 Air Magic
 + Level 1.3 Earth Magic
 + Level 1.3 Poison Magic
 + Level 1.8 Invocations
 + Level 1.6 Evocations


You had 12 spell levels left.
You knew the following spells:

 Your Spells              Type           Power      Damage    Failure   Level
a - Blink                 Tloc           32%        N/A       14%         2

Your spell library contained the following spells:

 Spells                   Type           Power      Damage    Failure   Level
 Gell's Gravitas          Tloc           16%        N/A       26%         3
 Lesser Beckoning         Tloc           16%        N/A       26%         3
 Teleport Other           Tloc           16%        N/A       26%         3
 Manifold Assault         Tloc           16%        N/A       94%         5


Dungeon Overview and Level Annotations

Branches:
Dungeon (4/15)
 Temple: D:4-7

Altars:
Dithmenos
Makhleb
Qazlal
The Shining One


Innate Abilities, Weirdness & Mutations

You have very sharp teeth.
Your uncanny sense of smell can sniff out nearby items.
Your experience applies equally to all skills.


Message History

Press: ? - help, Q - select action, (/) - cycle Shift-Dir - straight line, f/p - ogre
Aim: an ogre, wielding a +0 giant club (lightly wounded, 74% to hit)
You throw a stone. The stone barely misses the ogre.
Unknown command.
Throw: 64 stones
Press: ? - help, Q - select action, (/) - cycle Shift-Dir - straight line, f/p - ogre
Aim: an ogre, wielding a +0 giant club (lightly wounded, 74% to hit)
You throw a stone. The stone closely misses the ogre.
Unknown command.
Throw: 63 stones
Press: ? - help, Q - select action, (/) - cycle Shift-Dir - straight line, f/p - ogre
Aim: an ogre, wielding a +0 giant club (lightly wounded, 74% to hit)
You throw a stone. The stone closely misses the ogre.
Unknown command.
Throw: 62 stones
Press: ? - help, Q - select action, (/) - cycle Shift-Dir - straight line, f/p - ogre
Aim: an ogre, wielding a +0 giant club (lightly wounded, 74% to hit)
You throw a stone. The stone barely misses the ogre.
Unknown command.
Throw: 61 stones
Press: ? - help, Q - select action, (/) - cycle Shift-Dir - straight line, f/p - ogre
Aim: an ogre, wielding a +0 giant club (lightly wounded, 74% to hit)
You throw a stone. The stone hits the ogre.
The ogre is lightly wounded.
The ogre barely misses you. A mysterious force pulls you upwards.
The hatch slams shut behind you.
Unknown command.
You hit the ogre.
The ogre is moderately wounded.
The ogre hits you with a +0 giant club!!
You hit the ogre.
The ogre is moderately wounded.
The ogre hits you with a +0 giant club!
* * * LOW HITPOINT WARNING * * *
There is a stone staircase leading up here.
The ogre barely misses you.
You climb upwards.
There is a stone staircase leading down here.
The ogre hits you with a +0 giant club!
You die...

#### ###### #...
#....##########...
########>O...........'...
#.....##@ยง..#######.##...
#.....##..>.# #.#####
#.....##....# #.#
#.....##....#######.#####
#..........##.........##8
#.....#######.......#.'..
#####'###...........####8
#.....##.##........#####
#.........).....+#..#...


You could see an ogre.

Vanquished Creatures
  3 iron imps (D:3)
  2 adders (D:2)
  An ufetubus (D:3)
  3 worms
  3 dart slugs
  3 orcs
  6 endoplasms
  5 giant cockroaches
  6 goblins
  5 hobgoblins
  A jackal (D:4)
  7 kobolds
  5 quokkas
  8 ball pythons
  3 bats
  2 frilled lizards (D:2)
  4 rats
67 creatures vanquished.

Vanquished Creatures (others)
  2 fungi (D:1)
  5 toadstools (D:1)
7 creatures vanquished.

Grand Total: 74 creatures vanquished

Notes
Turn   | Place    | Note
-------+----------+-------------------------------------------
     0 | D:1      | belegose the Gnoll Warper began the quest for the Orb.
     0 | D:1      | Reached XP level 1. HP: 20/20 MP: 6/6
   189 | D:1      | Reached XP level 2. HP: 23/26 MP: 7/7
   556 | D:1      | Found a faded altar of an unknown god.
   981 | D:1      | Prayed at the altar of an unknown god.
   981 | D:1      | Became a worshipper of Qazlal Stormbringer
   981 | D:1      | Reached * piety under Qazlal
  1076 | D:1      | Reached XP level 3. HP: 16/31 MP: 9/9
  1226 | D:2      | Reached skill level 5 in Spellcasting
  1537 | D:2      | Found a shadowy altar of Dithmenos.
  1675 | D:2      | Reached skill level 1 in Invocations
  1951 | D:2      | Reached skill level 1 in Short Blades
  1951 | D:2      | Reached skill level 1 in Axes
  1951 | D:2      | Reached skill level 1 in Maces & Flails
  1951 | D:2      | Reached skill level 1 in Polearms
  1951 | D:2      | Reached skill level 1 in Staves
  1951 | D:2      | Reached skill level 1 in Slings
  1951 | D:2      | Reached skill level 1 in Bows
  1951 | D:2      | Reached skill level 1 in Crossbows
  1951 | D:2      | Reached skill level 1 in Stealth
  1951 | D:2      | Reached skill level 1 in Shields
  1951 | D:2      | Reached skill level 1 in Unarmed Combat
  1951 | D:2      | Reached skill level 1 in Evocations
  2058 | D:2      | Reached XP level 4. HP: 16/38 MP: 11/11
  2746 | D:3      | Reached ** piety under Qazlal
  3037 | D:3      | Reached skill level 1 in Conjurations
  3037 | D:3      | Reached skill level 1 in Hexes
  3037 | D:3      | Reached skill level 1 in Summonings
  3037 | D:3      | Reached skill level 1 in Necromancy
  3037 | D:3      | Reached skill level 1 in Transmutations
  3037 | D:3      | Reached skill level 1 in Fire Magic
  3037 | D:3      | Reached skill level 1 in Ice Magic
  3037 | D:3      | Reached skill level 1 in Air Magic
  3037 | D:3      | Reached skill level 1 in Earth Magic
  3037 | D:3      | Reached skill level 1 in Poison Magic
  3077 | D:3      | Found a burning altar of Makhleb.
  3097 | D:3      | Reached XP level 5. HP: 33/43 MP: 12/12
  3701 | D:3      | Learned a level 2 spell: Blink
  3851 | D:4      | Found a glowing golden altar of the Shining One.
  3858 | D:4      | Noticed an ogre
  3963 | D:2      | Slain by an ogre

Illustrated notes

Levels and vault maps discovered:
D:1:      dpeg_arrival_boxorama, layout_loops_cross,
          ebering_ecumenical_altar_ruins, minmay_gold_behind_fungi,
          grunt_decor_clamped, hangedman_decor_clover_reticule
D:2:      layout_basic, basic_altar, dk_noncrumbling_2,
          corexii_item_surrounded_by_moat
D:3:      layout_basic, demons_altar
D:4:      layout_cave_pools, mainiacjoe_overflow_paths, general_overflow_altar,
          nemelex_spade_bored_becter, portal_sewer_entry_e, uniq_blork_the_orc,
          uniq_ijyb

Skill      XL: |  1  2  3  4  5 |
---------------+----------------+-----
Spellcasting   | 5 |  5.2
Invocations    | 1 |  1.8
Short Blades   | 1 |  1.6
Axes           | 1 |  1.6
Maces & Flails | 1 |  1.6
Polearms       | 1 |  1.6
Staves         | 1 |  1.6
Slings         | 1 |  1.6
Bows           | 1 |  1.6
Crossbows      | 1 |  1.6
Stealth        | 1 |  1.6
Shields        | 1 |  1.6
Unarmed Combat | 1 |  1.6
Evocations     | 1 |  1.6
Conjurations   | 1 |  1.3
Hexes          | 1 |  1.3
Summonings     | 1 |  1.3
Necromancy     | 1 |  1.3
Transmutations | 1 |  1.3
Fire Magic     | 1 |  1.3
Ice Magic      | 1 |  1.3
Air Magic      | 1 |  1.3
Earth Magic    | 1 |  1.3
Poison Magic   | 1 |  1.3
Throwing       | 3 |  3.0
Armour         | 3 |  3.0
Fighting       | |  4.8
Long Blades    | |  4.8
Dodging        | |  4.8
Translocations | |  5.6

Action                   |  1- 3 |  4- 6 || total
-------------------------+-------+-------++-------
Melee: Falchion          |    54 |       ||    54
       Bite              |    10 |    10 ||    20
       Punch             |     1 |     3 ||     4
       Long sword        |    56 |   111 ||   167
Throw: Stone             |       |     6 ||     6
 Stab: Sleeping          |     1 |       ||     1
Armor: Leather armour    |    17 |       ||    17
       Ring mail         |    14 |     8 ||    22
       Scale mail        |       |    34 ||    34
Dodge: Dodged            |    62 |    40 ||   102
Block: Other             |     1 |    10 ||    11
